 Dungeon Crawl Stone Soup version 0.31-a0-1370-gf52a5a9ab3 (webtiles) character file.

Game seed: 2102982496422644487

625 grandjackal the Trooper (level 7, -2/55 HPs)
             Began as a Demonspawn Gladiator on Dec 24, 2023.
             Slain by a vampire (3 damage)
             ... on level 5 of the Dungeon.
             The game lasted 00:04:28 (4549 turns).

grandjackal the Trooper (Demonspawn Gladiator)      Turns: 4549, Time: 00:04:29

Health: -2/55      AC: 11    Str: 14    XL:     7   Next: 23%
Magic:  7/7        EV: 12    Int:  8    God:
Gold:   229        SH:  0    Dex: 17    Spells: 6/6 levels left

rFire   . . .        a - +0 long sword
rCold   . . .        (no shield)
rNeg    . . .        r - +1 ring mail {rPois}
rPois   +            (helmet restricted)
rElec   .            w - +0 cloak
rCorr   .            q - +0 pair of gloves
SInv    .            (no boots)
Will    .....        (no amulet)
Stlth   +            (no ring)
HPRegen 0.29/turn    (no ring)
MPRegen 0.20/turn

%: no passive effects
@: no status effects
A: antennae 1, molten scales 2, magic regeneration
a: no special abilities


You were on level 5 of the Dungeon.
You visited 1 branch of the dungeon, and saw 6 of its levels.

You collected 229 gold pieces.

Inventory:

Hand Weapons
 a - a +0 long sword (weapon)
Missiles
 d - 3 throwing nets (quivered)
 e - a javelin
Armour
 q - a +0 pair of gloves (worn)
 r - a +1 ring mail of poison resistance (worn)
 w - a +0 cloak (worn)
Wands
 t - a wand of flame (10)
Scrolls
 b - 3 scrolls of blinking {unknown}
 c - a scroll of acquirement {unknown}
 f - a scroll of fear {unknown}
 j - 4 scrolls of identify {unknown}
 l - a scroll of poison {unknown}
 m - 2 scrolls of noise {unknown}
 o - 2 scrolls of teleportation {unknown}
 p - 2 scrolls of vulnerability {unknown}
 u - a scroll of immolation {unknown}
 v - a scroll of silence {unknown}
Potions
 g - a potion of ambrosia {unknown}
 h - a potion of degeneration {unknown}
 i - 4 potions of curing
 k - 2 potions of cancellation {unknown}
 n - 2 potions of lignification {unknown}
 s - a potion of brilliance {unknown}


   Skills:
 + Level 4.9 Fighting
 + Level 4.8 Long Blades
 - Level 2.0 Throwing
 + Level 4.8 Dodging


You had 6 spell levels left.
You didn't know any spells.
Your spell library contained the following spells:

 Spells                   Type           Power      Damage    Failure   Level
 Apportation              Tloc           0%         N/A       65%         1
 Sublimation of Blood     Necr           0%         N/A       80%         2
 Stone Arrow              Conj/Erth      0%         3d7       95%         3
 Teleport Other           Tloc           0%         N/A       95%         3
 Animate Armour           Summ/Erth      0%         N/A       100%        4
 Simulacrum               Ice/Necr       0%         N/A       100%        6
 Infestation              Necr           0%         N/A       100%        8
 Lehudib's Crystal Spear  Conj/Erth      0%         10d2      100%        8


Dungeon Overview and Level Annotations

Branches:
Dungeon (6/15)             Temple (0/1) D:6

Altars:
Gozag
Xom

Annotations:
D:6 1 runed translucent door, TransRights's ghost, novice MiBe


Innate Abilities, Weirdness & Mutations

You have a pair of small antennae on your head.
You are mostly covered in molten scales. (AC +3)
You regenerate magic rapidly.


Message History

You hear a splashing noise.
Unknown command.
Aiming: Throw Flame
Press: ? - help, Shift-Dir - straight line
Aim: Disturbance (steam)
The puff of flame hits something but does no damage.
You hear a splashing noise.
Something bites you but does no damage.
Unknown command.
Aiming: Throw Flame
Press: ? - help, Shift-Dir - straight line
Aim: Disturbance (steam)
The puff of flame hits something.
Something hits you. Something bites you.
Something draws strength from your injuries!
Unknown command.
Aiming: Throw Flame
Press: ? - help, Shift-Dir - straight line
Aim: Disturbance The puff of flame hits something.
Something hits you but does no damage. Something bites you!
Something draws strength from your injuries!
Unknown command.
Aiming: Throw Flame
Press: ? - help, Shift-Dir - straight line
Aim: Disturbance (steam)
The puff of flame hits something but does no damage.
Something draws life force from you!!
* * * LOW HITPOINT WARNING * * *
Unknown command.
Aiming: Throw Flame
Press: ? - help, Shift-Dir - straight line
Aim: Disturbance (steam)
The puff of flame hits something!
Something hits you but does no damage. Something bites you.
* * * LOW HITPOINT WARNING * * *
Something draws strength from your injuries!
It was a potion of curing.
You feel better. Something hits you!
* * * LOW HITPOINT WARNING * * *
Something bites you.
You die...

##...........................# #.
##.....##...#................###.
##.....####.+.................>#.
.......# ###...[................
.......# #....########'#......
...##### #....# #.#...... ...#
######## #.+...... ...#
##~~...### #.#...... ...#
##.####.@~# ###...... ...# #.##
+##{~...# #...... ...# #.#
#####..# ####+## ##.# #.#.....# #
#.# #.# #.#P..~P# ########.#
#.#### #~#~P.P$#.....#........#
#....# #~#~.).(#~..P~#........#
####.###~#≈≈.≈≈#).PP.#........#
#...#~##{SS##~?(~.#........##


There were no monsters in sight!

Vanquished Creatures
  A black bear (D:4)
  3 scorpions (D:4)
  An orc priest (D:4)
  Crazy Yiuf (D:4)
  A sleepcap (D:4)
  An iguana (D:4)
  2 orc wizards
  6 adders
  3 bombardier beetles
  A white imp (D:5)
  2 worms
  2 dart slugs
  18 orcs
  4 bats
  8 endoplasms
  6 giant cockroaches
  4 hobgoblins
  5 quokkas
  9 ball pythons
  2 frilled lizards
  4 goblins
  5 kobolds
  4 rats (D:1)
93 creatures vanquished.

Notes
Turn   | Place    | Note
-------+----------+-------------------------------------------
     0 | D:1      | grandjackal the Demonspawn Gladiator began the quest for
                  | the Orb.
     0 | D:1      | Reached XP level 1. HP: 16/16 MP: 1/1
   245 | D:1      | Gained mutation: You have a pair of small antennae on your
                  | head. [demonic ancestry]
   245 | D:1      | Reached XP level 2. HP: 22/22 MP: 2/2
   633 | D:1      | Got the Tractate on the Traveller and Abhorrent Arts
  1134 | D:2      | Gained mutation: You are partially covered in molten
                  | scales. (AC +2) [demonic ancestry]
  1134 | D:2      | Reached XP level 3. HP: 28/28 MP: 3/3
  1713 | D:3      | Found an opulent altar of Gozag.
  2112 | D:3      | Gained mutation: You are mostly covered in molten scales.
                  | (AC +3) [demonic ancestry]
  2112 | D:3      | Reached XP level 4. HP: 25/35 MP: 4/4
  2388 | D:3      | You fall into a shaft and drop 3 floors!
  2388 | D:6      | Found a staircase to the Ecumenical Temple.
  2441 | D:6      | Found a runed translucent door.
  2441 | D:6      | Found a shimmering altar of Xom.
  2441 | D:6      | Noticed a +2 war axe of chaos
  2441 | D:6      | Noticed TransRights's ghost (novice MiBe)
  2467 | D:5      | Entered Level 5 of the Dungeon
  2482 | D:4      | Noticed a scorpion
  2500 | D:4      | Killed a scorpion
  2501 | D:4      | Reached XP level 5. HP: 38/41 MP: 5/5
  3330 | D:4      | Gained mutation: You regenerate magic rapidly. [demonic
                  | ancestry]
  3330 | D:4      | Reached XP level 6. HP: 36/48 MP: 6/6
  3745 | D:4      | Found a shimmering altar of Xom.
  3841 | D:4      | Reached XP level 7. HP: 55/55 MP: 7/7
  3912 | D:4      | Found a runed translucent door.
  3913 | D:4      | Noticed Crazy Yiuf
  4010 | D:4      | Killed Crazy Yiuf
  4534 | D:5      | Noticed a vampire
  4548 | D:5      | HP: 2/55 [something (6)]
  4549 | D:5      | Slain by a vampire

Illustrated notes

Levels and vault maps discovered:
D:1:      matt_arrival_grand_opening, layout_basic, hangedman_glass_teeth,
          minmay_worlds_worst_comb
D:2:      layout_loops_ring
D:3:      layout_basic, grunt_gozag_breadcrumbs
D:4:      layout_loops_cross, mainiacjoe_overflow_brackets, serial_glass,
          glass_columns_a, glass_columns_a, glass_columns_b, glass_columns_c,
          glass_columns_c, glass_columns_c, kennysheep_generic_room_7,
          uniq_crazy_yiuf_cottage
D:5:      cheibrodos_two_vegetables, layout_basic
D:6:      nicolae_cairo_tiling, layout_rooms, nicolae_overflow_two_pavilions,
          minmay_temple_entry_statues_fountains, serial_shops,
          nicolae_shop_tiny_real_fake_doors, ebering_ghost_xom, uniq_eustachio

Skill      XL: |  1  2  3  4  5 |
---------------+----------------+-----
Throwing       | 2 |  2.0
Long Blades    | 3 4 |  4.8
Dodging        | 3 4 |  4.8
Fighting       | 3 4 |  4.9

Action                     |  1- 3 |  4- 6 |  7- 9 || total
---------------------------+-------+-------+-------++-------
  Melee: Long sword        |   132 |   182 |    56 ||   370
         Punch             |     1 |     2 |     1 ||     4
  Throw: Throwing net      |       |     1 |       ||     1
  Evoke: Wand              |       |       |    11 ||    11
    Use: Potion            |       |       |     1 ||     1
 Armour: Ring mail         |    69 |   141 |    44 ||   254
         Leather armour    |     4 |       |       ||     4
  Dodge: Dodged            |    74 |   124 |    33 ||   231

Table legend: (Time is in decaauts)
 A = Elapsed time spent in this place.
 B = Non-inter-level travel time spent in this place.
 C = Inter-level travel time spent in this place.
 D = Time resting spent in this place.
 E = Time spent auto-exploring this place.
 F = Levels seen in this place.
 G = Mean time per level.
                   A        B        C        D        E       F      G
               +--------+--------+--------+--------+--------+-----+--------+
         Total |   4632 |   4473 |    159 |    592 |   2983 |   6 |  772.0 |
       Dungeon |   4632 |   4473 |    159 |    592 |   2983 |   6 |  772.0 |
               +--------+--------+--------+--------+--------+-----+--------+

Top non-repeatable levels by time:
     D:4: 1458 daAuts
     D:1: 1033 daAuts
     D:3: 1006 daAuts
     D:2: 663 daAuts
     D:5: 393 daAuts
     D:6: 78 daAuts
